 Dungeon Crawl Stone Soup version 0.30.1-11-g7821555f0a (webtiles) character file.

Game seed: 18333414510939521499

70 Okkudo the Chopper (level 4, -3/41 HPs)
             Began as a Hill Orc Monk on Dec 5, 2023.
             Killed from afar by Ijyb (8 damage)
             ... with a puff of flame
             ... on level 3 of the Dungeon.
             The game lasted 00:04:09 (1769 turns).

Okkudo the Chopper (Hill Orc Monk)                  Turns: 1769, Time: 00:04:10

Health: -3/41      AC:  6    Str: 15    XL:     4   Next: 22%
Magic:  4/4        EV: 10    Int: 10    God:
Gold:   172        SH:  0    Dex: 13    Spells: 3/3 levels left

rFire   . . .        a - +0 hand axe
rCold   . . .        d - orb {light}
rNeg    . . .        e - +0 scale mail
rPois   .            (no helmet)
rElec   .            (no cloak)
rCorr   .            (no gloves)
SInv    .            (no boots)
Will    .....        (no amulet) Stlth
                     (no ring)
HPRegen 0.26/turn    (no ring)
MPRegen 0.09/turn

%: no passive effects
@: glowing
A: no striking features
a: no special abilities


You were on level 3 of the Dungeon.
You visited 1 branch of the dungeon, and saw 3 of its levels.

You collected 172 gold pieces.

Inventory:

Hand Weapons
 a - a +0 hand axe (weapon)
Missiles
 k - a throwing net (quivered)
Armour
 d - an orb of light (worn)
 e - a +0 scale mail (worn)
Scrolls
 b - a scroll of teleportation {unknown}
 f - a scroll of enchant weapon {unknown}
 g - a scroll of blinking {unknown}
 h - a scroll of immolation {unknown}
 l - a scroll of identify {unknown}
Potions
 i - a potion of might {unknown}
 j - a potion of mutation {unknown}


   Skills:
 + Level 4.5 Fighting
 * Level 5.5 Axes
 - Level 2.7 Dodging


You had 3 spell levels left.
You didn't know any spells.
Your spell library contained the following spells:

 Spells                   Type           Power      Damage    Failure   Level
 Magic Dart               Conj           0%         1d3       85%         1
 Searing Ray              Conj           0%         2d4       94%         2
 Static Discharge         Conj/Air       0%         2-2/arc   94%         2
 Airstrike                Air            0%         2d(0-16)  100%        4
 Fulminant Prism          Conj/Hex       0%         3d5       100%        4
 Summon Lightning Spire   Summ/Air       0%         N/A       100%        4


Dungeon Overview and Level Annotations

Branches:
Dungeon (3/15)

Altars:

Annotations:
D:3 Ijyb


Message History

You fall asleep.
Ijyb zaps a wand.
The puff of flame hits you.
You wake up.
* * * LOW HITPOINT WARNING * * *
Sorry, you're not good enough to have a special ability.
Sorry, you're not good enough to have a special ability.
You are confused.
You feel invigorated. The sleepcap closely misses you.
Ijyb hits you but does no damage. Ijyb attacks as you move away!
Ijyb hits you but does no damage.
You bump into the rock wall.
The sleepcap barely misses you. Ijyb completely misses you.
Ijyb attacks as you move away! Ijyb hits you with a +0 dagger.
* * * LOW HITPOINT WARNING * * *
The sleepcap attacks as you move away! The sleepcap barely misses you.
Ijyb zaps a wand.
The puff of flame hits you! The sleepcap barely misses you.
You bump into the rock wall.
You feel less invigorated.
You feel less confused.
The sleepcap releases spores at you but does no damage.
You hit Ijyb.
Ijyb is severely wounded.
You hit the sleepcap. The sleepcap barely misses you.
Ijyb hits you with a +0 dagger.
You hit Ijyb.
Ijyb is almost dead.
You hit the sleepcap but do no damage.
The sleepcap releases spores at you but does no damage.
Ijyb hits you but does no damage.
You barely miss Ijyb.
Ijyb is almost dead.
You hit the sleepcap. The sleepcap releases spores at you.
You are engulfed in a cloud of soporific spores!
You fall asleep.
Ijyb hits you with a +0 dagger!
You wake up.
* * * LOW HITPOINT WARNING * * *
You hit Ijyb but do no damage.
Ijyb is almost dead.
You hit the sleepcap but do no damage. The sleepcap barely misses you.
Ijyb zaps a wand.
The puff of flame hits you!
You die...

.......f..........$...
...............$......
......................
..~...~...............
.~..~.....####........
~~~≈~~~~≈≈≈ #.)......
~~~~≈~~≈≈≈ #........
..~.~...####..$.....
~~.......@f........
.........g........
.................
############..### #..#
#.# .# .


You could see a sleepcap and Ijyb.

Vanquished Creatures
  2 adders (D:2)
  A worm (D:2)
  4 dart slugs
  An orc (D:3)
  3 endoplasms
  2 giant cockroaches
  4 goblins
  5 hobgoblins
  A quokka (D:2)
  3 ball pythons
  A bat (D:1)
  6 frilled lizards
  5 kobolds
  2 rats
40 creatures vanquished.

Notes
Turn   | Place    | Note
-------+----------+-------------------------------------------
     0 | D:1      | Okkudo the Hill Orc Monk began the quest for the Orb.
     0 | D:1      | Reached XP level 1. HP: 19/19 MP: 1/1
   168 | D:1      | Reached XP level 2. HP: 16/27 MP: 2/2
   963 | D:2      | Reached XP level 3. HP: 33/33 MP: 3/3
  1090 | D:2      | Reached skill level 5 in Axes
  1385 | D:2      | Found a faded altar of an unknown god.
  1473 | D:2      | Reached XP level 4. HP: 41/41 MP: 4/4
  1728 | D:3      | Noticed Ijyb
  1758 | D:3      | HP: 2/41 [Ijyb/puff of flame (5)]
  1769 | D:3      | Killed from afar by Ijyb

Illustrated notes

Levels and vault maps discovered:
D:1:      minmay_arrival_stair_chambers, layout_basic, serial_forest,
          infiniplex_forest_lined_room_2, infiniplex_forest_clump_cross,
          infiniplex_forest_3_way, infiniplex_forest_clump_medium,
          infiniplex_forest_straight_4, infiniplex_forest_lined_1,
          infiniplex_forest_straight_5, infiniplex_forest_clump_C
D:2:      layout_loops_ring, chequers_ecumenical_altar_simple_redux,
          minmay_crystal_room, minmay_domino_4
D:3:      layout_basic, lemuel_round_altar, serial_rivers,
          chequers_serial_rivers_small_a, chequers_serial_rivers_micro_a,
          chequers_serial_rivers_micro_a, chequers_serial_rivers_small_b,
          chequers_serial_rivers_small_3, uniq_crazy_yiuf_cottage, uniq_ijyb,
          uniq_robin

Skill      XL: |  1  2  3 |
---------------+----------+-----
Fighting       | 4 |  4.5
Axes           | 5 |  5.5
Dodging        | |  2.7

Action                     |  1- 3 |  4- 6 || total
---------------------------+-------+-------++-------
  Melee: Hand axe          |   100 |    38 ||   138
    Use: Potion            |       |     1 ||     1
 Armour: Robe              |    13 |       ||    13
         Scale mail        |    23 |    21 ||    44
  Dodge: Dodged            |    60 |    24 ||    84
